Map: Romanticide LE

Players

LiquidClem (Clem) - Winner!

  • Race: Terran Terran
  • Spawn Location: 5:00

Stats

  • Race: Protoss Protoss
  • Spawn Location: 11:00

Event: DreamHack SC2 Masters 2020 Winter

VOD

Have the link to the VOD?

Description

Time

  • Played on: Nov. 15, 2020, 9:48 a.m.
  • Length: 8:50

All games in this series

Show
View Real Time Build Order
Export as new Build Order

LiquidClem Terran - Winner!

Build Orders:  

Get SALT Encoding   

  12  0:00  SCV  
  13  0:12  SCV  
  14  0:17  Supply Depot  
  14  0:24  SCV  
  15  0:29  Refinery  
  15  0:38  SCV  
  16  0:44  Barracks  
  16  0:50  SCV  
  17  1:02  SCV  
  18  1:14  SCV  
  19  1:31  Barracks Reactor, Orbital Command  
  19  1:40  Command Center  
  19  1:51  Factory  
  19  2:00  SCV  
  20  2:07  Supply Depot  
  20  2:08  Marine x2  
  21  2:13  SCV  
  23  2:17  Refinery  
  23  2:28  Marine x2, SCV  
  26  2:35  Factory Tech Lab  
  26  2:37  Starport  
  26  2:41  SCV  
  27  2:47  Marine x2  
  29  2:53  SCV  
  29  2:56  Orbital Command  
  30  3:04  Cyclone  
  33  3:08  Marine  
  33  3:09  Marine  
  35  3:17  Viking  
  37  3:23  Supply Depot  
  37  3:24  SCV  
  38  3:28  SCV  
  39  3:36  Marine, Siege Tank  
  39  3:38  Marine  
  39  3:39  SCV  
  45  3:42  SCV  
  45  3:46  Supply Depot  
  46  3:51  Viking  
  48  3:55  Marine x2  
  48  3:57  SCV  
  48  3:59  SCV  
  52  4:05  Supply Depot  
  52  4:11  Siege Tank  
  52  4:13  Marine x2  
  58  4:17  SCV x2  
  59  4:26  Viking  
  59  4:29  Supply Depot  
  59  4:31  SCV x2  
  63  4:33  Marine x2  
  65  4:43  SCV x2  
  67  4:48  Siege Tank  
  70  4:56  Marine x2  
  70  4:57  Bunker  
  67  5:08  Viking  
  67  5:12  SCV x2  
  70  5:16  Marine x2, Barracks  
  70  5:18  Supply Depot, Barracks  
  72  5:25  Siege Tank  
  67  5:28  SCV x2  
  67  5:34  Marine x2  
  65  5:43  SCV  
  65  5:46  SCV  
  65  5:47  Supply Depot  
  63  5:50  Viking  
  63  5:52  Marine x2  
  63  5:55  SCV  
  65  5:58  SCV  
  65  6:02  Bunker  
  64  6:05  Siege Tank  
  64  6:06  Marine  
  64  6:07  Marine  
  64  6:10  SCV  
  64  6:11  SCV  
  71  6:15  Refinery  
  66  6:18  Marine  
  66  6:23  SCV  
  66  6:26  Marine x2  
  66  6:29  SCV  
  66  6:32  Marine  
  67  6:35  SCV  
  67  6:36  Marine, Engineering Bay  
  66  6:45  SCV, Siege Tank  
  66  6:47  SCV  
  66  6:49  Barracks Tech Lab  
  65  6:54  Barracks  
  65  6:55  Marine, Barracks  
  65  6:56  Marine x2  
  65  6:57  SCV  
  63  7:01  Starport Reactor  
  63  7:02  SCV  
  63  7:08  Stimpack  
  62  7:09  Marine, Refinery, SCV  
  62  7:13  Marine x2  
  62  7:14  Barracks Tech Lab  
  66  7:27  Siege Tank  
  66  7:28  Marauder  
  71  7:30  Supply Depot  
  71  7:31  Marine x2  
  71  7:34  Marauder  
  77  7:42  Marine x2  
  77  7:45  Supply Depot  
  77  7:47  Supply Depot  
  77  7:49  Marine x2, Marauder  
  78  7:56  Marauder  
  70  8:04  Marine x2  
  70  8:05  SCV  
  67  8:11  Marauder, Siege Tank  
  70  8:16  Marine x2  
  69  8:22  Marauder  
  69  8:24  Marine x2  
  66  8:32  Marine  
Show
View Real Time Build Order
Export as new Build Order

Stats Protoss 

Build Orders: 1 Gate Expand, Blink Stalkers 

Get SALT Encoding   

  12  0:00  Probe  
  13  0:12  Probe  
  14  0:18  Pylon  
  14  0:25  Probe (Chrono Boost)  
  15  0:37  Gateway, Probe (Chrono Boost)  
  16  0:46  Assimilator, Probe (Chrono Boost)  
  17  0:51  Probe  
  18  1:03  Probe  
  19  1:15  Probe  
  20  1:24  Cybernetics Core  
  20  1:33  Nexus  
  20  1:35  Probe  
  21  1:42  Pylon  
  21  1:47  Assimilator  
  21  1:50  Probe  
  22  1:59  Adept (Chrono Boost)  
  22  2:02  Probe  
  22  2:06  Shield Battery  
  25  2:09  Warp Gate  
  25  2:14  Probe  
  26  2:23  Adept  
  26  2:26  Probe  
  29  2:33  Twilight Council  
  29  2:38  Probe (Chrono Boost)  
  30  2:47  Probe (Chrono Boost)  
  31  2:53  Adept, Probe (Chrono Boost)  
  31  2:56  Probe (Chrono Boost)  
  35  2:58  Probe (Chrono Boost)  
  35  3:01  Probe (Chrono Boost)  
  37  3:09  Probe  
  37  3:11  Robotics Facility, Blink (Chrono Boost)  
  38  3:13  Probe  
  39  3:21  Probe  
  39  3:25  Probe  
  39  3:26  Gateway  
  41  3:32  Gateway  
  41  3:36  Probe  
  41  3:37  Probe  
  41  3:40  Pylon  
  43  3:45  Gateway  
  43  3:57  Shield Battery  
  43  4:00  Stalker  
  43  4:02  Observer (Chrono Boost)  
  46  4:04  Probe x2  
  46  4:08  Assimilator  
  48  4:11  Pylon  
  48  4:15  Warp Prism (Chrono Boost)  
  50  4:17  Probe x2  
  50  4:24  Stalker  
  54  4:30  Stalker x2  
  58  4:32  Pylon  
  58  4:39  Pylon  
  58  4:41  Stalker  
  60  4:48  Stalker  
  62  4:54  Stalker x2  
  60  5:11  Stalker x2  
  64  5:17  Stalker  
  64  5:18  Stalker  
  50  5:36  Stalker x2  
  50  5:38  Probe x2  
  50  5:42  Stalker x2  
  36  5:57  Immortal (Chrono Boost)  
  36  6:02  Pylon  
  36  6:03  Stalker, Pylon  
  41  6:09  Stalker  
  39  6:19  Probe  
  39  6:20  Pylon, Probe  
  39  6:31  Zealot  
  40  6:34  Zealot  
  42  6:44  Probe (Chrono Boost)  
  44  6:50  Probe (Chrono Boost)  
  41  6:54  Probe (Chrono Boost)  
  41  6:58  Probe (Chrono Boost)  
  41  7:00  Stalker x2  
  44  7:05  Stalker  
  44  7:07  Probe (Chrono Boost)  
  47  7:13  Probe (Chrono Boost)  
  48  7:18  Probe (Chrono Boost)  
  50  7:23  Probe x2 (Chrono Boost)  
  50  7:28  Stalker  
  50  7:29  Stalker  
  55  7:32  Stalker  
  57  7:37  Probe x2  
  57  7:40  Pylon  
  59  7:55  Stalker x3  
  63  8:02  Probe  
  63  8:04  Probe  
  61  8:14  Probe  
  61  8:16  Probe  
  59  8:21  Stalker x2  
Tags
 
Add a new tag
Caveats
  • Supply blocks, unpowered buildings, or Contaminate may cause inaccurate times.
  • Supply counts are checked every 10 seconds.